 Dungeon Crawl Stone Soup version 0.29-a0-270-g1586fc07ea (webtiles) character file.

Game seed: 12174670196842506880

66 bearlyready the Bolt Thrower (level 4, -3/26 HPs)
             Began as a Kobold Hunter on Mar 7, 2022.
             Killed by nerve-wracking pain
             ... invoked by Grinder
              (13 damage)
             ... on level 3 of the Dungeon.
             The game lasted 00:02:57 (2162 turns).

bearlyready the Bolt Thrower (Kobold Hunter)        Turns: 2162, Time: 00:02:58

Health: -3/26      AC:  6    Str:  9    XL:     4   Next: 37%
Magic:  4/4        EV: 13    Int: 12    God:
Gold:   86         SH:  0    Dex: 17    Spells: 3/3 levels left

rFire   . . .      SeeInvis .   a - +1 hand crossbow
rCold   . . .      Faith    .   i - orb {light}
rNeg    . . .      Spirit   .   w - +0 ring mail
rPois   .          Reflect  .   k - +0 helmet
rElec   .          Harm     .   (no cloak)
rCorr   .          Rampage  .   (no gloves)
Will    .....                   (no boots)
Stlth   ++........              (no amulet)
HPRegen 0.08/turn               (no ring)
MPRegen 0.09/turn               (no ring)

@: glowing
A: small, no large weapons, nightstalker 3
a: no special abilities


You were on level 3 of the Dungeon.
You visited 1 branch of the dungeon, and saw 3 of its levels.

You collected 86 gold pieces.

Inventory:

Hand Weapons
 a - a +1 hand crossbow (weapon)
Missiles
 d - a throwing net
 f - 47 stones
 q - 2 atropa-tipped darts
Armour
 b - a +0 leather armour
 i - an orb of light (worn)
 k - a +0 helmet (worn)
 w - a +0 ring mail (worn)
Jewellery
 h - a ring of flight
Scrolls
 c - a scroll of immolation
 g - a scroll of blinking {unknown}
 j - a scroll of acquirement {unknown}
 l - a scroll of enchant weapon {unknown}
 r - a scroll of holy word {unknown}
 t - 2 scrolls of identify {unknown}
 v - 2 scrolls of teleportation {unknown}
Potions
 e - a potion of ambrosia {unknown}
 m - a potion of magic {unknown}
 n - 2 potions of brilliance {unknown}
 o - 2 potions of invisibility {unknown}
 p - 2 potions of heal wounds {unknown}
 s - a potion of might {unknown}
 u - a potion of mutation {unknown}


   Skills:
 - Level 2.1 Fighting
 + Level 6.4 Crossbows
 - Level 2.4 Dodging
 + Level 4.0 Stealth


You had 3 spell levels left.
You didn't know any spells.
Your spell library was empty.

Dungeon Overview and Level Annotations

Branches:
Dungeon (3/15)

Altars:

Annotations:
D:3 Grinder


Innate Abilities, Weirdness & Mutations

You are small and have problems with some larger weapons.
You are completely attuned to the shadows.


Message History

Grinder shouts!
You shoot a bolt. The bolt hits Grinder.
Grinder is lightly wounded.
You shoot a bolt.
The bolt hits Grinder but does no damage.
Grinder is lightly wounded.
Grinder blinks!
You shoot a bolt.
The bolt hits Grinder but does no damage.
Grinder is lightly wounded.
You aren't carrying any items that you can evoke.
Unknown command.
Shoot: a) +1 hand crossbow
Press: ? - help, Q - select action, (/) - cycle Shift-Dir - straight line, f/p - Grinder
Aim: Grinder (lightly wounded, haloed, 79% to hit)
You shoot a bolt. The bolt hits Grinder.
Grinder is moderately wounded.
Grinder hits you!
You writhe in agony.
Shoot: a) +1 hand crossbow
Press: ? - help, Q - select action, (/) - cycle Shift-Dir - straight line, f/p - Grinder
Aim: Grinder (moderately wounded, haloed, 79% to hit)
You shoot a bolt. The bolt hits Grinder.
Grinder is moderately wounded.
Grinder gestures at you. You resist with significant effort.
Shoot: a) +1 hand crossbow
Press: ? - help, Q - select action, (/) - cycle Shift-Dir - straight line, f/p - Grinder
Aim: Grinder (moderately wounded, haloed, 79% to hit)
You shoot a bolt. The bolt hits Grinder.
Grinder is heavily wounded.
Grinder hits you.
You writhe in agony.
Shoot: a) +1 hand crossbow
Press: ? - help, Q - select action, (/) - cycle Shift-Dir - straight line, f/p - Grinder
Aim: Grinder (heavily wounded, haloed, 79% to hit)
You shoot a bolt. The bolt hits Grinder.
Grinder is heavily wounded.
Grinder gestures at you. Pain shoots through your body!
Ouch! That really hurt!
You die...

. ##.........#
..#.)#########
......# .#......
...####.# .## .. ##
.####### .# .<.....#
######.###
.......#####....@....
.............####5...
.......####### ....
.......# .###
.......# .# ......#


You could see Grinder.

Vanquished Creatures
  A gnoll (D:3)
  An adder (D:2)
  2 dart slugs
  3 endoplasms
  5 giant cockroaches
  2 hobgoblins
  2 kobolds (D:1)
  A quokka (D:2)
  5 ball pythons
  5 bats
  4 frilled lizards
  9 goblins
  4 rats
44 creatures vanquished.

Notes
Turn   | Place    | Note
-------+----------+-------------------------------------------
     0 | D:1      | bearlyready the Kobold Hunter began the quest for the Orb.
     0 | D:1      | Reached XP level 1. HP: 12/12 MP: 1/1
   193 | D:1      | Reached XP level 2. HP: 15/17 MP: 2/2
   498 | D:1      | Found a faded altar of an unknown god.
   868 | D:1      | Reached XP level 3. HP: 21/21 MP: 3/3
  1348 | D:2      | Reached skill level 6 in Crossbows
  1584 | D:2      | Reached XP level 4. HP: 26/26 MP: 4/4
  2155 | D:3      | Noticed Grinder
  2162 | D:3      | Killed from afar by Grinder

Illustrated notes

Levels and vault maps discovered:
D:1:      dpeg_arrival_rooms_with_view, layout_basic,
          shapermc_ecumenical_altar_mp_ritualfount
D:2:      layout_rooms, wander_ebering_terrifying_dragon_lair
D:3:      layout_rooms, uniq_robin, uniq_grinder

Skill      XL: |  1  2  3  4 |
---------------+-------------+-----
Stealth        | 2 3 4 |  4.0
Crossbows      | 6 |  6.4
Fighting       | |  2.1
Dodging        | |  2.4

Action                   |  1- 3 |  4- 6 || total
-------------------------+-------+-------++-------
 Fire: Hand crossbow     |    79 |    24 ||   103
Armor: Leather armour    |     8 |       ||     8
Dodge: Dodged            |    28 |     4 ||    32

Table legend: (Time is in decaauts)
 A = Elapsed time spent in this place.
 B = Non-inter-level travel time spent in this place.
 C = Inter-level travel time spent in this place.
 D = Time resting spent in this place.
 E = Time spent auto-exploring this place.
 F = Levels seen in this place.
 G = Mean time per level.
                   A        B        C        D        E       F      G
               +--------+--------+--------+--------+--------+-----+--------+
         Total |   2189 |   2161 |     28 |    188 |   1670 |   3 |  729.7 |
       Dungeon |   2189 |   2161 |     28 |    188 |   1670 |   3 |  729.7 |
               +--------+--------+--------+--------+--------+-----+--------+

Top non-repeatable levels by time:
     D:1: 1234 daAuts
     D:2: 861 daAuts
     D:3: 92 daAuts
